 Dungeon Crawl Stone Soup version 0.18.1-5-g4a78601 (webtiles) character file.

39 SkaryMonk the Slasher (level 3, -1/26 HPs)
             Began as a High Elf Abyssal Knight on May 11, 2016.
             Was a Follower of Lugonu.
             Slain by an adder (2 damage)
             ... on level 2 of the Dungeon.
             The game lasted 00:05:29 (1744 turns).

SkaryMonk the Slasher (High Elf Abyssal Knight)     Turns: 1744, Time: 00:05:29

Health: -1/26      AC:  3    Str: 11    XL:     3   Next: 28%
Magic:  5/5        EV: 12    Int: 16    God:    Lugonu [*.....]
Gold:   243        SH:  0    Dex: 15    Spells: 0 memorised, 2 levels left

rFire  + . .     SeeInvis .     a - +1 falchion
rCold  + . .     Gourm    .     b - +0 leather armour
rNeg   . . .     Faith    .     (no shield)
rPois  +         Spirit   .     (no helmet)
rElec  +         Dismiss  .     (no cloak)
rCorr  +         Reflect  .     (no gloves)
SustAt .         Harm     .     (no boots)
MR     .....                    (no amulet)
Stlth  +.........               (no ring)
                                g - ring of wizardry

@: lethally poisoned (-1 -> -6), resistant, not resistant to hostile
enchantments, very unstealthy
A: no striking features
a: Depart the Abyss, Renounce Religion


You were on level 2 of the Dungeon.
You worshipped Lugonu.
Lugonu was aware of your devotion.
You were not hungry.

You visited 1 branch of the dungeon, and saw 3 of its levels.
You visited the Abyss 1 time.

You collected 243 gold pieces.

Notes
Turn   | Place    | Note
--------------------------------------------------------------
     0 | Abyss:1  | SkaryMonk the High Elf Abyssal Knight began the quest for the Orb.
     0 | Abyss:1  | Reached XP level 1. HP: 16/16 MP: 3/3
    92 | Abyss:1  | Noticed a neqoxec
    93 | D:1      | Escaped the Abyss
   316 | D:1      | Reached skill level 3 in Long Blades
   428 | D:1      | Reached XP level 2. HP: 16/21 MP: 4/4
   621 | D:1      | Reached * piety under Lugonu
  1139 | D:2      | Reached skill level 4 in Long Blades
  1315 | D:2      | Reached XP level 3. HP: 19/26 MP: 5/5
  1679 | D:2      | Found an opulent altar of Gozag.
  1680 | D:2      | Found a glowing silver altar of Zin.
  1744 | D:2      | HP: 1/26 [poisoned by an adder]
  1744 | D:2      | Slain by an adder

Inventory:

Hand Weapons
 a - a +1 falchion (weapon)
Missiles
 e - 22 arrows
Armour
 b - a +0 leather armour (worn)
Jewellery
 g - a ring of wizardry (left hand)
Scrolls
 d - 4 scrolls of fear
 i - 2 scrolls of remove curse {unknown}
 l - a scroll of recharging {unknown}
 n - 2 scrolls of enchant weapon {unknown}
 q - a scroll of identify
Potions
 h - a potion of brilliance
 j - a potion of degeneration
 k - a potion of magic
 m - a potion of lignification {unknown}
 p - a potion of berserk rage {unknown}
 r - a potion of heal wounds {unknown}
 t - a potion of curing {unknown}
Comestibles
 c - 2 bread rations
 o - 3 fruits
 s - a chunk of flesh

Table legend:
 A = Turns spent in this place as a percentage of turns spent in the entire game.
 B = Non-inter-level travel turns spent in this place as a percentage of non-inter-level travel turns spent in the entire game.
 C = Inter-level travel turns spent in this place as a percentage of turns spent in this place.
 D = Turns resting spent in this place as a percentage of non-inter-level travel turns spent in this place.
 E = Turns spent auto-exploring this place as a percentage of non-inter-level travel turns spent in this place.
 F = Non-inter-level travel turns spent in this place divided by the number of levels of this place that you've seen.
                   A       B       C       D       E      F
               +-------+-------+-------+-------+-------+----------------------
         Total | 100.0 | 100.0 |   0.5 |   3.0 |  14.1 | 100.8
       Dungeon |  97.3 |  97.3 |   0.5 |   3.1 |  13.0 | 130.7
         Abyss |   2.7 |   2.7 |   0.0 |   0.0 |  54.5 |  11.0
               +-------+-------+-------+-------+-------+----------------------


   Skills:
 - Level 3.0 Fighting
 + Level 4.5 Long Blades
 - Level 0.8 Armour
 - Level 2.1 Dodging
 - Level 2.0 Invocations


You had 2 spell levels left.
You didn't know any spells.

Dungeon Overview and Level Annotations

Branches:
Dungeon (3/15)

Altars:
Gozag
Zin


Message History

The adder closely misses you.
You hit the adder but do no damage.
The adder is almost dead.
* * * LOW HITPOINT WARNING * * *
You feel sick. The adder closely misses you. x2
You miss the adder.
The adder is almost dead.
* * * LOW HITPOINT WARNING * * *
You feel sick. The adder barely misses you.
You barely miss the adder.
The adder is severely wounded.
The adder bites you.
* * * LOW HITPOINT WARNING * * *
The adder closely misses you.
Drink which item? (? for menu, Esc to quit)
It was a potion of resistance.
You feel protected.
* * * LOW HITPOINT WARNING * * *
You feel sick. The adder bites you.
You die...

#.##.#...########### #.
#.#.......######## ###.
#|.........#.....# #...
#...........<....# #.#.
#................# #.#.
#................# #.#.
##.........#.....# #.##
##....S..####.### #.##
####.@.#..)....# #...
##)##.###.#.# #### ####
##........#.### # ...#
#.........(...# # .#.#
#.###.......#.# #
.#.############.# ###....##.#####
......[.......#.# #.##.........
##.#.####.##.#..#####.#####.#####
...#.####.#.................#


You could see an adder.

Table legend:
 A = Kills in this place as a percentage of kills in entire the game.
 B = Kills by you in this place as a percentage of kills by you in the entire game.
 C = Kills by friends in this place as a percentage of kills by friends in the entire game.
 D = Other kills in this place as a percentage of other kills in the entire game.
 E = Experience gained in this place as a percentage of experience gained in the entire game.
 F = Experience gained in this place divided by the number of levels of this place that you have seen.
                   A       B       C       D       E      F
               +-------+-------+-------+-------+-------+----------------------
         Total | 100.0 | 100.0 |  -nan |  -nan | 100.0 |  14.2
       Dungeon | 100.0 | 100.0 |  -nan |  -nan | 100.0 |  19.0
               +-------+-------+-------+-------+-------+----------------------

Vanquished Creatures
  An adder (D:2)
  A dart slug (D:1)
  2 giant geckos
  An orc (D:2)
  2 giant cockroaches (D:1)
  A goblin (D:1)
  A hobgoblin (D:2)
  2 bats (D:2)
  2 giant newts (D:2)
  9 kobolds
  5 rats
  A fungus (D:2)
28 creatures vanquished.

Action                   || total
-------------------------++-------
Melee: Falchion          ||   133
Invok: Depart the Abyss  ||     1
  Use: Scroll            ||     6
       Potion            ||     2
  Eat: Chunk             ||     3
Armor: Leather armour    ||    30
Dodge: Dodged            ||    95

Vault maps used:
D:1:      dpeg_arrival_pits
D:2:      grunt_temple_overflow_gold_and_silver, minmay_gold_behind_fungi
